 Dungeon Crawl Stone Soup version 0.28.0-53-g5a82cb258f (webtiles) character file.

Game seed: 2008447496229494037

26302 DemonSlayer the Thaumaturge (level 12, -2/81 HPs)
             Began as a Demonspawn Fire Elementalist on Aug 4, 2022.
             Was the Champion of Cheibriados.
             Slain by a fire crab (12 damage)
             ... on level 3 of the Lair of Beasts.
             The game lasted 01:10:10 (24313 turns).

DemonSlayer the Thaumaturge (DsFE)                 Turns: 24313, Time: 01:10:11

Health: -2/81      AC: 14    Str: 24    XL:     12   Next: 97%
Magic:  28/28      EV: 16    Int: 37    God:    Cheibriados [******]
Gold:   327        SH:  0    Dex: 28    Spells: 6/36 levels left

rFire   . . .      SeeInvis +   c - +7 halberd
rCold   + . .      Faith    .   (shield currently unavailable)
rNeg    + + .      Spirit   .   u - +1 robe of Distant Shores {rN++ Will- SInv}
rPois   .          Reflect  .   j - +2 hat
rElec   .          Harm     .   o - +2 cloak
rCorr   +          Rampage  .   a - +1 pair of gloves {Stlth+}
Will    .....                   A - +1 pair of boots
Stlth   +++++.....              w - amulet of magic regeneration
HPRegen 0.23/turn               I - ring of resist corrosion
MPRegen 0.61/turn               z - ring of protection from cold

@: mighty, corroded, sanguine armoured, very slow
A: icemail 2, powered by pain 2, sanguine armour 1, condensation shield, demonic
touch 2
a: Renounce Religion, Bend Time, Temporal Distortion, Slouch, Step From Time


You were on level 3 of the Lair of Beasts.
You worshipped Cheibriados.
Cheibriados was exalted by your worship.
You visited 2 branches of the dungeon, and saw 14 of its levels.
You also visited: Ossuary.

You collected 847 gold pieces.
You spent 520 gold pieces at shops.

Inventory:

Hand Weapons
 c - a +7 halberd (weapon)
 E - a +0 broad axe
Missiles
 b - 6 curare-tipped darts
 g - 3 throwing nets
 y - 20 sling bullets
Armour
 a - a +1 pair of gloves of stealth (worn)
 j - a +2 hat (worn)
 o - a +2 cloak (worn)
 u - the +1 robe of Distant Shores (worn) {rN++ Will- SInv}
   (You bought it in a shop on level 8 of the Dungeon)

   rN:        It greatly protects you from negative energy.
   SInv:      It lets you see invisible.
   Will:      It decreases your willpower.
 A - a +1 pair of boots (worn)
 F - a +0 chain mail of cold resistance
Jewellery
 k - a ring of positive energy
 w - an amulet of magic regeneration (around neck)
 z - a ring of protection from cold (right hand)
 G - a ring of flight
 H - a ring of see invisible
 I - a ring of resist corrosion (left hand)
Wands
 e - a wand of acid (10)
 m - a wand of iceblast (24)
 n - a wand of paralysis (17)
 q - a wand of flame (12)
 x - a wand of polymorph (3)
Scrolls
 h - a scroll of teleportation
 i - a scroll of fog
 p - a scroll of vulnerability
 B - a scroll of enchant armour
 C - 3 scrolls of identify
 D - 2 scrolls of amnesia
Potions
 d - 5 potions of curing
 f - 2 potions of brilliance
 l - 2 potions of berserk rage
 r - a potion of might
 s - a potion of mutation
 t - 5 potions of ambrosia
 v - 2 potions of resistance
 J - a potion of cancellation


   Skills:
 + Level 3.2 Fighting
 + Level 0.9 Short Blades
 + Level 2.4 Polearms
 + Level 1.1 Throwing
 + Level 4.9 Dodging
 + Level 4.7 Stealth
 + Level 2.1 Shields
 + Level 12.7 Spellcasting
 + Level 5.5 Conjurations
 + Level 0.6 Translocations
 + Level 1.2 Transmutations
 + Level 12.4 Fire Magic
 + Level 1.1 Ice Magic
 + Level 2.1 Air Magic
 + Level 2.6 Poison Magic
 + Level 1.3 Evocations


You had 6 spell levels left.
You knew the following spells:

 Your Spells              Type           Power      Damage    Failure   Level
a - Foxfire               Conj/Fire      100%       2x1d9     1%          1
b - Scorch                Fire           100%       2d10      0%          2
c - Conjure Flame         Conj/Fire      74%        6-21      1%          3
d - Flame Wave            Conj/Fire      74%        2d13      1%          4
e - Teleport Other        Tloc           28%        N/A       3%          3
f - Dispersal             Tloc           14%        N/A       89%         6
g - Mephitic Cloud        Conj/Pois/Air  49%        N/A       1%          3
h - Freezing Cloud        Conj/Ice/Air   22%        6-21      14%         5
i - Ignite Poison         Fire/Tmut/Pois 59%        N/A       1%          3

Your spell library contained the following spells:

 Spells                   Type           Power      Damage    Failure   Level
 Animate Skeleton         Necr           46%        N/A       1%          1
 Pain                     Necr           92%        1d8       1%          1
 Corpse Rot               Necr/Air       62%        N/A       1%          2
 Poisonous Vapours        Pois/Air       82%        N/A       1%          2
 Inner Flame              Hex/Fire       62%        N/A       1%          3
 Gell's Gravitas          Tloc           28%        N/A       3%          3
 Vampiric Draining        Necr           23%        2d7       4%          3
 Summon Forest            Summ/Tloc      12%        N/A       38%         5
 Summon Mana Viper        Hex/Summ       23%        N/A       41%         5
 Summon Cactus Giant      Summ           11%        N/A       94%         6


Dungeon Overview and Level Annotations

Branches:
Dungeon (11/15)            Temple (0/1) D:4            Lair (3/6) D:11
 Shoals (0/4) Lair:3      Ossuary (visited)
  Snake: Lair:2-4    Spider: Lair:2-4       Orc: D:9-12

Altars:
Ashenzari
Cheibriados
Makhleb
Nemelex Xobeh
Okawaru
Uskayaw
Vehumet
Zin
The Shining One

Shops:
D:2 =*   D:8 [   D:10 [


Innate Abilities, Weirdness & Mutations

A meltable icy envelope protects you from harm. (AC +0)
You sometimes gain power by taking damage.
When seriously injured, your blood forms armour. (AC +6)
A meltable shield of frost defends you. (SH +0)
Your touch may inflict irresistible damage on your foes.


Message History

You are engulfed in blazing flames.
You focus on the pain.
You feel your power returning.
Your blood congeals into armour.
The entropy weaver is engulfed in freezing vapours.
The entropy weaver points at you and mumbles some strange words.
The entropic weave corrodes you!
The fire crab is engulfed in noxious fumes.
The fire crab bites you!
You are engulfed in flames!
* * * LOW HITPOINT WARNING * * *
The fire crab misses you.
The entropy weaver is engulfed in freezing vapours. x2
The fire crab is engulfed in noxious fumes.
The fire crab appears confused.
The fire crab barely misses you. The fire crab closely misses you.
You see here a +0 kite shield.
As you read the scroll of teleportation, it crumbles to dust.
You feel strangely unstable.
The entropy weaver is engulfed in freezing vapours.
The fire crab is engulfed in noxious fumes.
The fire crab appears confused.
The fire crab bites the entropy weaver!
The entropy weaver is engulfed in flames!
The fire crab claws the entropy weaver!
The entropy weaver is killed!
Cheibriados appreciates the change of pace.
As you read the scroll of teleportation, it crumbles to dust.
You feel strangely stable.
The fire crab is engulfed in noxious fumes.
You see here a troll skeleton.
The fire crab bites you.
* * * LOW HITPOINT WARNING * * *
You are engulfed in flames!
* * * LOW HITPOINT WARNING * * *
You focus on the pain.
You feel mightier all of a sudden.
The fire crab claws you but does no damage.
The fire crab bites you but does no damage.
The fire crab barely misses you. The fire crab bites you.
* * * LOW HITPOINT WARNING * * *
You are engulfed in flames!
You die...

#######...# #.#
#..... #.# ##.##. #.#
##.##. #÷# #..#.. #.#
#..##. #.# ### #.....
#.#########.# ##..PP
#[÷.t@....'.# #.PP#
###########.# ##..##
###..##..#####....#
#....#....##.##....
##..........>.......
#..........#.......#
#.....##.#.###...+##
##....###+..###......
#......#...^........#


You could see a fire crab (confused).

Vanquished Creatures
  An entropy weaver (Lair:3)
  Harold (Lair:2)
  A hydra (Lair:2)
  A two-headed ogre (D:11)
  A death yak (Lair:2)
  Sonja (D:10)
  A fire crab (Lair:3)
  A manticore (Lair:3)
  A cyclops (D:11)
  A black mamba (Lair:3)
  8 cane toads
  2 rime drakes (Lair:2)
  4 unseen horrors
  3 komodo dragons
  An entropy weaver simulacrum (Lair:2)
  A wind drake (Lair:3)
  A queen bee (D:10)
  2 polar bears
  A slime creature (D:7)
  3 blink frogs (Lair:1)
  4 wyverns
  A vampire (D:11)
  27 yaks
  2 wraiths
  Eustachio (D:6)
  2 basilisks
  A steam dragon (D:10)
  An acid dragon (D:10)
  19 water moccasins
  2 orc warriors
  An ice beast (D:7)
  5 sky beasts
  2 black bears
  3 centaurs
  2 ogres
  24 wolves
  A phantom (D:5)
  3 kobold brigands
  10 bullfrogs
  A wyvern zombie (D:6)
  A gnoll sergeant (D:7)
  4 scorpions
  A cane toad simulacrum (Lair:2)
  A water moccasin zombie (D:5)
  2 wyvern skeletons (D:5)
  18 killer bees
  2 howler monkeys
  6 wights (D:8)
  2 bullfrog zombies (D:6)
  2 centaur zombies
  4 hounds
  An orc priest (D:6)
  A jelly (D:6)
  2 bullfrog skeletons
  Jessica (D:3)
  A gnoll shaman (D:5)
  2 iguanas
  7 orc wizards
  Ijyb (D:4)
  3 mummies (Ossuary)
  2 howler monkey zombies
  A howler monkey skeleton (D:5)
  12 gnolls
  An adder (D:4)
  3 shadow imps (D:6)
  3 white imps
  A worm (D:4)
  4 dart slugs
  18 orcs
  6 ball pythons
  5 bats
  9 endoplasms
  A giant cockroach (D:3)
  3 goblins
  7 hobgoblins
  6 quokkas
  5 frilled lizards (D:3)
  A gnoll zombie (Ossuary)
  4 goblin zombies (Ossuary)
  4 hobgoblin zombies (Ossuary)
  19 kobolds
  4 kobold zombies (Ossuary)
  An orc zombie (Ossuary)
  A quokka zombie (Ossuary)
  10 rats
  3 rat zombies (Ossuary)
  3 butterflies (D:4)
347 creatures vanquished.

Vanquished Creatures (others)
  3 bushes (D:11)
  596 foxfires
  29 fungi
  40 plants
668 creatures vanquished.

Grand Total: 1015 creatures vanquished

Notes
Turn   | Place    | Note
-------+----------+-------------------------------------------
     0 | D:1      | DemonSlayer the Demonspawn Fire Elementalist began the
                  | quest for the Orb.
     0 | D:1      | Reached XP level 1. HP: 13/13 MP: 3/3
   389 | D:1      | Gained mutation: A meltable shield of frost defends you.
                  | (SH +0) [demonic ancestry]
   389 | D:1      | Reached XP level 2. HP: 19/19 MP: 1/5
   436 | D:1      | Learned a level 2 spell: Scorch
  1295 | D:2      | Found a faded altar of an unknown god.
  1336 | D:2      | Gained mutation: Your touch may inflict minor irresistible
                  | damage on your foes. [demonic ancestry]
  1336 | D:2      | Reached XP level 3. HP: 15/24 MP: 0/6
  1623 | D:2      | Found Ponwihuf's Assorted Antiques.
  1631 | D:2      | Bought a scroll labelled EDGHYDA CUA for 17 gold pieces
  1631 | D:2      | Bought a scroll labelled WEOT TEWKOHO for 17 gold pieces
  1765 | D:2      | Found Metiysuu's Jewellery Shoppe.
  2060 | D:2      | Learned a level 3 spell: Conjure Flame
  2073 | D:2      | Bought a scroll labelled ZOQEMODAKU for 17 gold pieces
  2558 | D:3      | Noticed Jessica
  2566 | D:3      | Killed Jessica
  2567 | D:3      | Reached XP level 4. HP: 30/30 MP: 0/7
  2752 | D:3      | Found a radiant altar of Vehumet.
  3938 | D:4      | Noticed a black bear
  3966 | D:4      | Killed a black bear
  3967 | D:4      | Gained mutation: You sometimes gain a little power by
                  | taking damage. [demonic ancestry]
  3967 | D:4      | Reached XP level 5. HP: 33/35 MP: 1/9
  3972 | D:4      | Learned a level 4 spell: Flame Wave
  4221 | D:4      | Identified the +3 ring mail "Quyqiuw" {*Slow rPois MP+9
                  | Int+7}
  4426 | D:4      | Noticed Ijyb
  4426 | D:4      | Noticed an ogre
  4437 | D:4      | Killed an ogre
  4438 | D:4      | Gained mutation: When seriously injured, your blood forms
                  | armour. (AC +6) [demonic ancestry]
  4438 | D:4      | Reached XP level 6. HP: 29/41 MP: 6/11
  4440 | D:4      | Killed Ijyb
  4550 | D:4      | Found a snail-covered altar of Cheibriados.
  4975 | D:4      | Became a worshipper of Cheibriados the Contemplative
  5138 | D:4      | Found an iron altar of Okawaru.
  5487 | D:4      | Found a staircase to the Ecumenical Temple.
  5534 | D:5      | Entered Level 5 of the Dungeon
  5786 | D:5      | Reached XP level 7. HP: 46/46 MP: 7/12
  6059 | D:5      | HP: 2/46 [orc wizard/puff of flame (4)]
  6719 | D:5      | Reached skill level 5 in Fire Magic
  7457 | D:5      | Reached skill level 5 in Spellcasting
  7457 | D:5      | Gained mutation: Your touch may inflict irresistible damage
                  | on your foes. [demonic ancestry]
  7457 | D:5      | Reached XP level 8. HP: 52/52 MP: 8/15
  7914 | D:6      | Found a sand-covered staircase.
  7927 | Ossuary  | Entered an ossuary
  8024 | Ossuary  | Reached * piety under Cheibriados
  9886 | D:6      | Reached skill level 1 in Fighting
 10162 | D:6      | Noticed Eustachio
 10189 | D:6      | Killed Eustachio
 10189 | D:6      | Reached ** piety under Cheibriados
 10694 | D:6      | Gained mutation: A meltable icy envelope protects you from
                  | harm. (AC +0) [demonic ancestry]
 10694 | D:6      | Reached XP level 9. HP: 45/59 MP: 16/19
 11107 | D:6      | Learned a level 3 spell: Teleport Other
 11114 | D:6      | Learned a level 6 spell: Dispersal
 11257 | D:2      | Bought a scroll labelled YMAJUTA CINGI for 17 gold pieces
 11854 | D:7      | Noticed a boulder beetle
 12491 | D:7      | Noticed a radroach
 12491 | D:7      | a boulder beetle changed into a radroach
 12492 | D:7      | a radroach changed into a slime creature
 12541 | D:7      | Reached *** piety under Cheibriados
 12995 | D:8      | Reached skill level 1 in Evocations
 13107 | D:8      | Found Wumod's Antique Armour Emporium.
 13115 | D:8      | Bought a heavily jewelled robe for 205 gold pieces
 13115 | D:8      | Identified the +1 robe of Distant Shores {rN++ Will- SInv}
                  | (You bought it in a shop on level 8 of the Dungeon)
 13148 | D:8      | Found a broken altar of Ashenzari.
 14145 | D:8      | Found a hide-covered altar of Uskayaw.
 14409 | D:8      | Learned a level 3 spell: Mephitic Cloud
 14488 | D:9      | Found a sparkling altar of Nemelex Xobeh.
 14978 | D:10     | Entered Level 10 of the Dungeon
 15520 | D:10     | Reached skill level 1 in Air Magic
 15646 | D:10     | Gained mutation: A meltable icy envelope protects you from
                  | harm. (AC +0) [demonic ancestry]
 15646 | D:10     | Reached XP level 10. HP: 58/65 MP: 13/22
 16018 | D:10     | Reached **** piety under Cheibriados
 16177 | D:10     | Found Nyag Gesh's Antique Armour Boutique.
 16183 | D:10     | Reached skill level 1 in Shields
 16640 | D:10     | Noticed Sonja
 16647 | D:10     | Killed Sonja
 16864 | D:10     | Found a burning altar of Makhleb.
 16874 | D:10     | Learned a level 5 spell: Freezing Cloud
 16924 | D:9      | Reached skill level 10 in Spellcasting
 16924 | D:9      | Reached ***** piety under Cheibriados
 17154 | D:9      | Reached skill level 10 in Fire Magic
 17161 | D:9      | Reached XP level 11. HP: 56/71 MP: 2/25
 17395 | D:9      | Learned a level 3 spell: Ignite Poison
 17539 | D:10     | Bought a pair of runed gloves for 247 gold pieces
 18264 | D:11     | HP: 1/72 [wyvern (5)]
 18466 | D:11     | Found a staircase to the Lair.
 18477 | D:11     | Noticed a two-headed ogre
 18485 | D:11     | Killed a two-headed ogre
 18486 | D:11     | Reached skill level 1 in Polearms
 18537 | D:11     | Paralysed by a centaur for 4 turns
 19135 | Lair:1   | Entered Level 1 of the Lair of Beasts
 20481 | Lair:2   | Gained mutation: You sometimes gain power by taking damage.
                  | [demonic ancestry]
 20481 | Lair:2   | Reached XP level 12. HP: 80/80 MP: 21/27
 20551 | Lair:2   | Reached skill level 1 in Poison Magic
 20558 | Lair:2   | Noticed Harold
 20724 | Lair:2   | Killed Harold
 20725 | Lair:2   | Reached skill level 5 in Conjurations
 20841 | Lair:2   | Noticed a six-headed hydra
 20848 | Lair:2   | Killed a six-headed hydra
 21208 | Lair:2   | Reached ****** piety under Cheibriados
 21393 | Lair:2   | Reached skill level 1 in Transmutations
 21394 | Lair:2   | Noticed a death yak
 22184 | Lair:2   | Killed a death yak
 22185 | Lair:2   | Reached skill level 1 in Throwing
 22192 | Lair:2   | Noticed an ice dragon
 22483 | Lair:3   | Found a staircase to the Shoals.
 23192 | Lair:3   | Reached skill level 1 in Ice Magic
 23494 | Lair:3   | Found a runed translucent door.
 24304 | Lair:3   | Noticed an entropy weaver
 24308 | Lair:3   | Killed an entropy weaver
 24313 | Lair:3   | Slain by a fire crab

Illustrated notes

Levels and vault maps discovered:
D:1:      onia_arrival_pyramid, layout_basic, minmay_splitting_lines
D:2:      layout_rooms, serial_shops, nicolae_shop_behind_doors,
          nicolae_diamond_shop, shapermc_ecumenical_altar_venn
D:3:      layout_loops_ring, mainiacjoe_overflow_surrounded_room,
          lemuel_crystal_altar, minmay_lizard_king, uniq_jessica
D:4:      layout_gridville, mainiacjoe_overflow_boulevard, slow_altar_1,
          mainiacjoe_overflow_brackets, temple_hall, hangedman_glass_garden,
          chequers_jeans, minivault_14, patterned_corridor, uniq_ijyb
D:5:      layout_basic
D:6:      layout_basic, nicolae_ossuary_entry_monument, uniq_eustachio
D:7:      layout_basic, nicolae_underground_beach
D:8:      layout_loops_corners, cheibrodos_ashenzari_chains,
          nicolae_uskayaw_dance_hall, serial_shops, nicolae_square_shop,
          hangedman_abyss_or_decor_passed, minmay_misc_feat_room, st_stairs_1,
          minmay_misc_feat_four_crosses
D:9:      layout_gridville, mainiacjoe_overflow_alcove_4
D:10:     layout_loops_ring, lightli_temple_of_fire, serial_shops, shop,
          minivault_7, uniq_sonja
D:11:     layout_basic, minmay_lair_entry_grove, gauntlet_entry_generic
Lair:1:   layout_gridlike, beast_lair_carwin_11, grunt_megastairs_5
Lair:2:   dreamdust_isle_of_ice, layout_regular_city, beast_lair_carwin_5,
          uniq_harold
Lair:3:   gammafunk_mikee_crab_dinner, layout_loops_ring,
          minmay_shoals_entry_beasts, grunt_megastairs_3

Skill      XL: |  1  2  3  4  5  6  7  8  9 10 11 12 |
---------------+-------------------------------------+-----
Fire Magic     | 3 4 5 7 8 10 11 12 | 12.4
Stealth        | 2 3 4 |  4.7
Conjurations   | 2 3 4 5 |  5.5
Spellcasting   | 3 5 6 8 10 11 12 | 12.7
Dodging        | 2 3 4 |  4.9
Fighting       | 1 2 3 |  3.2
Evocations     | 1 |  1.3
Air Magic      | 1 2 |  2.1
Shields        | 1 2 |  2.1
Polearms       | 1 2 |  2.4
Poison Magic   | 2 |  2.6
Transmutations | 1 |  1.2
Throwing       | 1 |  1.1
Ice Magic      | 1 |  1.1
Short Blades   | |  0.9
Translocations | |  0.6

Action                   |  1- 3 |  4- 6 |  7- 9 | 10-12 || total
-------------------------+-------+-------+-------+-------++-------
Melee: Dagger            |    22 |    12 |     7 |       ||    41
       Touch             |     1 |     5 |     4 |       ||    10
       Punch             |       |     1 |       |       ||     1
       Rapier            |       |       |     4 |       ||     4
       Unarmed           |       |       |     1 |       ||     1
       Halberd           |       |       |    15 |    73 ||    88
       Spear             |       |       |     9 |       ||     9
Throw: Dart              |       |       |       |     9 ||     9
       Throwing net      |       |       |       |     1 ||     1
 Cast: Foxfire           |    90 |   141 |   124 |     7 ||   362
       Scorch            |       |     1 |   131 |   316 ||   448
       Conjure Flame     |       |       |    15 |     8 ||    23
       Mephitic Cloud    |       |       |     2 |    32 ||    34
       Teleport Other    |       |       |     2 |     1 ||     3
       Ignite Poison     |       |       |       |    16 ||    16
       Flame Wave        |       |       |       |     7 ||     7
       Freezing Cloud    |       |       |       |    14 ||    14
Invok: Bend Time         |       |       |       |     2 ||     2
Evoke: Wand              |       |       |    11 |     1 ||    12
  Use: Potion            |       |       |     6 |     7 ||    13
       Scroll            |       |       |    13 |    14 ||    27
 Stab: Sleeping          |     7 |     3 |     1 |     3 ||    14
       Distracted        |       |       |     1 |     1 ||     2
       Confused          |       |       |       |     1 ||     1
       Held in net/web   |       |       |       |     1 ||     1
Armor: Robe              |     2 |     2 |    40 |   218 ||   262
       Skin              |       |       |     1 |       ||     1
Dodge: Dodged            |    10 |    10 |    83 |   255 ||   358
Block: Other             |     3 |     6 |    22 |    83 ||   114
